 Dungeon Sprint DCSS version 0.29.1-14-g9c671dbff4 (webtiles) character file.

Game seed: 16824287141091598645

2463 Groucho the Nimble (level 9, -7/39 HPs)
             Began as a Spriggan Conjurer on Feb 14, 2023.
             Mangled by a sea snake (17 damage)
             ... in the Dungeon (Sprint VII: "The Pits") on Feb 17, 2023.
             The game lasted 00:10:45 (3538 turns).

Groucho the Nimble (Spriggan Conjurer)              Turns: 3538, Time: 00:10:45

Health: -7/39      AC:  6    Str:  6    XL:     9   Next: 26%
Magic:  0/26       EV: 24    Int: 23    God:
Gold:   0          SH:  0    Dex: 14    Spells: 18/32 levels left

rFire   . . .      SeeInvis +   n - +2 quarterstaff (protect)
rCold   . . .      Faith    .   (shield currently unavailable)
rNeg    . . .      Spirit   .   a - +0 robe
rPois   .          Reflect  .   (helmet restricted)
rElec   .          Harm     .   t - +0 cloak
rCorr   .          Rampage  .   (gloves unavailable)
Will    +....      NoTele   +   (boots unavailable)
Stlth   ++........              (no amulet)
HPRegen 0.13/turn               p - +3 ring of strength
MPRegen 0.20/turn               q - +3 ring of protection

@: very quick
A: very small, no large weapons, unfitting armour, see invisible, speed 3
a: no special abilities


You were in the Dungeon.
You visited 1 branch

Inventory:

Hand Weapons
 h - a +2 dagger
 m - a +1 dagger of venom
 n - a +2 quarterstaff of protection (weapon)
 s - a +4 quarterstaff of speed
Missiles
 l - 10 stones
Armour
 a - a +0 robe (worn)
 t - a +0 cloak (worn)
Jewellery
 p - a +3 ring of strength (left hand)
 q - a +3 ring of protection (right hand)
Scrolls
 g - a scroll of blinking
 j - 5 scrolls of amnesia
 k - a scroll of summoning
Potions
 b - 4 potions of magic
 c - 11 potions of curing
 d - 9 potions of heal wounds
 e - 2 potions of haste
 f - 3 potions of berserk rage
 i - 2 potions of invisibility
 o - a potion of ambrosia {unknown}
 r - a potion of resistance


   Skills:
 + Level 13.3 Dodging
 - Level 3.0 Stealth
 + Level 12.3 Spellcasting
 * Level 11.4 Conjurations
 + Level 8.8 Hexes


You had 18 spell levels left.
You knew the following spells:

 Your Spells              Type           Power      Damage    Failure   Level
a - Magic Dart            Conj           100%       1d8       1%          1
b - Searing Ray           Conj           100%       2d8       1%          2
c - Dazzling Flash        Conj/Hex       100%       N/A       1%          3
d - Fulminant Prism       Conj/Hex       28%        3d14      1%          4
e - Iskenderun's Mystic   Conj/Tloc      40%        2d9       4%          4

Your spell library contained the following spells:

 Spells                   Type           Power      Damage    Failure   Level


Dungeon Overview and Level Annotations

Branches:
Dungeon (1/1)

Altars:
Ashenzari
Cheibriados
Dithmenos
Elyvilon
Fedhas
Gozag
Hepliaklqana
Kikubaaqudgha
Makhleb
Nemelex Xobeh
Okawaru
Qazlal
Ru
Sif Muna
Trog
Uskayaw
Vehumet
Wu Jian
Xom
Yredelemnul
Zin
The Shining One
Jiyva
Lugonu


Innate Abilities, Weirdness & Mutations

You are very small and have problems with some larger weapons.
You are too small for most types of armour.
You have supernaturally acute eyesight. (SInv)
You cover ground extremely quickly. (Speed+++)


Message History

The searing ray hits the ice devil but does no damage.
The ice devil is almost dead.
The searing ray hits the sea snake.
The sea snake is lightly wounded. (Press . to maintain the ray.) Unknown command.
Unknown command.
Unknown command.
The searing ray misses the ice devil.
The searing ray hits the sea snake!
The sea snake is moderately wounded.
Unknown command.
Unknown command.
Unknown command.
The searing ray hits the ice devil but does no damage.
The ice devil is almost dead.
The searing ray hits the sea snake.
The sea snake is moderately wounded.
The ice devil completely misses you.
Unknown command.
Unknown command.
Unknown command.
Casting: Searing Ray (safe; 1% risk of failure)
Confirm with . or Enter, or press ? or * to list all spells.
Aiming: Searing Ray (safe; 1% risk of failure)
Press: ? - help, Shift-Dir - straight line, f/p - ice devil
Aim: an ice devil (almost dead, 83% to hit)
The searing ray hits the sea snake.
The sea snake is moderately wounded.
The searing ray hits the ice devil!
You kill the ice devil! (Press . to maintain the ray.)
The sea snake bites you!!
Ouch! That really hurt!
* * * LOW HITPOINT WARNING * * *
Unknown command.
Unknown command.
Unknown command.
Without enough magic to sustain it, your searing ray dissipates.
The sea snake bites you!
You die...

############
#_________.#
#_________.#
#_______...#########
##########'##.......
#.?..')))'.##......#
##########.##.......
#..@S...[.).'.......
#'#####'#####......#
#.#..#..#..##.....†.
#.#..'..)..#####'###
#.##'####'###.......
#.#.)......##.......
#)#........##.......
#.#####'#####...<...
#)#..[))...##.......


You could see a sea snake.

Vanquished Creatures
  A bog body (D)
  A deep elf zephyrmancer (D)
  An orange demon (D)
  A rime drake (D)
  An ice devil (D)
  A wyvern (D)
  2 floating eyes (D)
  A wolf (D)
  A necrophage (D)
  A small abomination (D)
  A wight (D)
  A quasit (D)
  An orc priest (D)
  Jessica (D)
  An iguana (D)
  2 orc wizards (D)
  3 orcs (D)
  2 giant cockroaches (D)
  A goblin (D)
  2 hobgoblins (D)
  3 jackals (D)
  A ball python (D)
  A ball python skeleton (D)
  A bat (D)
  A kobold (D)
  A quokka skeleton (D)
34 creatures vanquished.

Vanquished Creatures (others)
  3 fulminant prisms (D)
3 creatures vanquished.

Grand Total: 37 creatures vanquished

Notes
Turn   | Place    | Note
-------+----------+-------------------------------------------
     0 | D        | Groucho the Spriggan Conjurer began the quest for the Orb.
     0 | D        | Reached XP level 1. HP: 9/9 MP: 5/5
    37 | D        | Reached skill level 3 in Dodging
   301 | D        | Found a bloodstained altar of Trog.
   301 | D        | Found a shimmering blue altar of Sif Muna.
   301 | D        | Found a viscous altar of Jiyva.
   301 | D        | Found a hazy altar of Hepliaklqana.
   301 | D        | Found an opulent altar of Gozag.
   302 | D        | Found a glowing golden altar of the Shining One.
   302 | D        | Found a glowing silver altar of Zin.
   302 | D        | Found a basalt altar of Yredelemnul.
   302 | D        | Found a shimmering altar of Xom.
   302 | D        | Found an ornate altar of the Wu Jian Council.
   302 | D        | Found a sacrificial altar of Ru.
   302 | D        | Found a stormy altar of Qazlal.
   302 | D        | Found an iron altar of Okawaru.
   302 | D        | Found a sparkling altar of Nemelex Xobeh.
   302 | D        | Found a burning altar of Makhleb.
   302 | D        | Found a blossoming altar of Fedhas.
   302 | D        | Found a white marble altar of Elyvilon.
   302 | D        | Found a shadowy altar of Dithmenos.
   302 | D        | Found a snail-covered altar of Cheibriados.
   304 | D        | Found a radiant altar of Vehumet.
   304 | D        | Found a corrupted altar of Lugonu.
   305 | D        | Found a hide-covered altar of Uskayaw.
   305 | D        | Found an ancient bone altar of Kikubaaqudgha.
   305 | D        | Found a broken altar of Ashenzari.
   316 | D        | Noticed a floating eye
   319 | D        | Paralysed by a floating eye for 4 turns
   325 | D        | Killed a floating eye
   326 | D        | Reached skill level 6 in Dodging
   326 | D        | Reached skill level 5 in Conjurations
   326 | D        | Reached XP level 2. HP: 13/13 MP: 0/10
   326 | D        | Reached XP level 3. HP: 16/16 MP: 0/11
   326 | D        | Reached XP level 4. HP: 21/21 MP: 0/13
   713 | D        | Learned a level 2 spell: Searing Ray
   717 | D        | Learned a level 3 spell: Dazzling Flash
   738 | D        | Noticed a floating eye
   742 | D        | Killed a floating eye
   743 | D        | Reached skill level 8 in Dodging
   743 | D        | Reached XP level 5. HP: 24/24 MP: 8/15
  1272 | D        | Noticed Jessica
  1307 | D        | Reached XP level 6. HP: 28/28 MP: 6/18
  1330 | D        | Reached skill level 9 in Dodging
  1523 | D        | Learned a level 4 spell: Fulminant Prism
  1528 | D        | Learned a level 4 spell: Iskenderun's Mystic Blast
  1599 | D        | Killed Jessica
  1852 | D        | Reached skill level 1 in Hexes
  2084 | D        | Noticed a deep elf zephyrmancer
  2090 | D        | Killed a deep elf zephyrmancer
  2091 | D        | Reached skill level 11 in Dodging
  2091 | D        | Reached skill level 10 in Spellcasting
  2091 | D        | Reached skill level 5 in Hexes
  2091 | D        | Reached XP level 7. HP: 32/32 MP: 11/21
  2546 | D        | Noticed a wyvern
  2552 | D        | Reached XP level 8. HP: 36/36 MP: 15/23
  2554 | D        | Reached skill level 10 in Conjurations
  2954 | D        | Noticed a bog body
  2955 | D        | Noticed an orange demon
  2972 | D        | Killed a bog body
  2973 | D        | Reached skill level 12 in Dodging
  3035 | D        | Killed an orange demon
  3487 | D        | Noticed a rime drake
  3487 | D        | Noticed a sea snake
  3487 | D        | Noticed an ice devil
  3515 | D        | Killed a rime drake
  3516 | D        | Reached skill level 13 in Dodging
  3516 | D        | Reached XP level 9. HP: 39/39 MP: 7/26
  3537 | D        | Killed an ice devil
  3538 | D        | Mangled by a sea snake

Illustrated notes

Levels and vault maps discovered:
D:        pitsprint [storerooms_1, entrance_room_1, metal_vault_2, armoury_3,
          mini_pit_1, grid_room_1, main_hall_1, silver_pit, the_coven_3,
          the_vestibule_1, steel_vault_4, golden_pit, hallway_of_sentries,
          crystal_vault_1, iron_vault_4, final_vault]

Skill      XL: |  1  2  3  4  5  6  7  8 |
---------------+-------------------------+-----
Dodging        | 6 8 11 13 | 13.3
Spellcasting   | 6 7 8 10 12 | 12.3
Conjurations   | 5 7 9 11 | 11.4
Hexes          | 5 8 |  8.8
Stealth        | |  3.0

Action                   |  1- 3 |  4- 6 |  7- 9 || total
-------------------------+-------+-------+-------++-------
 Cast: Magic Dart        |    10 |    45 |    11 ||    66
       Searing Ray       |       |    10 |    10 ||    20
       Dazzling Flash    |       |       |     4 ||     4
       Fulminant Prism   |       |       |     3 ||     3
  Use: Potion            |       |     1 |     3 ||     4
Armor: Robe              |       |       |     4 ||     4
Dodge: Dodged            |       |    11 |    28 ||    39
